AoeStats
← BLOOTLAND

Arena

509634932Analyzed
1v1 RM · 6d ago on Sep 27, 2026· 38m 17s· 2 players
Game mode
Random Map
Map size
Tiny (2 player)
Population
200
Speed
Normal
Resources
Standard
Victory
Conquest
Starting age
Dark Age
Ending age
Imperial Age
RankedLock teamsTeams togetherTeam positionsShared explorationLock speedFull tech treeHidden civsTurbo modeCheats
Victory
Defeat
🇫🇷 Britons · France
838
+15
🇮🇩 Chinese · Indonesia
813
-39
Virctim
10:28 Feudal Age
13:57 Horse Collar
16:09 Double-Bit Axe
19:20 Castle Age
18:26 Gold Mining
18:48 Scale Barding Armor
21:14 Wheelbarrow
21:37 Husbandry
23:14 Husbandry
22:36 Light Cavalry
24:30 Wheelbarrow
25:28 Bloodlines
27:32 Thumb Ring
26:49 Crossbowman
29:33 Ballistics
31:07 Padded Archer Armor
30:58 Fletching
30:48 Elite Skirmisher
34:50 Imperial Age
34:54 Leather Archer Armor
34:34 Bodkin Arrow
34:55 Masonry
36:42 Scale Barding Armor
37:07 Ring Archer Armor
36:38 Bracer
BLOOTLAND
9:28 Feudal Age
10:25 Double-Bit Axe
16:22 Castle Age
15:05 Horse Collar
15:17 Gold Mining
15:39 Stone Mining
16:51 Wheelbarrow
19:48 Bow Saw
24:20 Hand Cart
29:56 Imperial Age
27:47 Squires
27:35 Treadmill Crane
28:16 Ballistics
28:47 Gold Shaft Mining
29:01 Padded Archer Armor
28:51 Fletching
29:02 Scale Mail Armor
28:30 Pikeman
30:27 Leather Archer Armor
30:08 Bodkin Arrow
30:23 Forging
30:02 Loom
32:12 Conscription
32:12 Yeomen
32:06 Halberdier
34:05 Two-Man Saw
33:22 Elite Longbowman
34:56 Ring Archer Armor
39:02 Chemistry
Connection lost

Rejoining the realm…

Still unreachable

The connection could not be restored.

Session expired

The server has moved on; the page needs a fresh start.